 Dungeon Crawl Stone Soup version 0.29-a0-96-g93358da72b (webtiles) character file.

Game seed: 8036715577656565815

41 Murumi the Skirmisher (level 3, 0/39 HPs)
             Began as an Ogre Fighter on Feb 12, 2022.
             Slain by Grinder (8 damage)
             ... on level 3 of the Dungeon.
             The game lasted 00:08:21 (2828 turns).

Murumi the Skirmisher (Ogre Fighter)                Turns: 2828, Time: 00:08:22

Health: 0/39       AC:  3    Str: 20    XL:     3   Next: 52%
Magic:  3/3        EV:  8    Int: 11    God:
Gold:   84         SH:  7    Dex:  8    Spells: 2/2 levels left

rFire   . . .      SeeInvis .   i - +0 whip
rCold   . . .      Faith    .   c - +0 kite shield
rNeg    . . .      Spirit   .   b - +0 robe
rPois   .          Reflect  .   (helmet restricted)
rElec   .          Harm     .   (no cloak)
rCorr   .          Rampage  .   (gloves unavailable)
Will    .....                   (boots unavailable)
Stlth   +.........              (no amulet)
HPRegen 0.13/turn               (no ring)
MPRegen 0.08/turn               (no ring)

@: mighty
A: large, unfitting armour, tough skin 1
a: no special abilities


You were on level 3 of the Dungeon.
You visited 1 branch of the dungeon, and saw 3 of its levels.

You collected 84 gold pieces.

Inventory:

Hand Weapons
 a - a +1 flail
 i - a +0 whip (weapon)
Missiles
 e - 2 poisoned darts (quivered)
 j - 28 stones
 m - 3 boomerangs
Armour
 b - a +0 robe (worn)
 c - a +0 kite shield (worn)
Jewellery
 l - an amulet of magic regeneration
Potions
 f - a potion of brilliance
 g - a potion of curing {unknown}
 h - a potion of cancellation {unknown}


   Skills:
 - Level 4.0 Fighting
 - Level 2.0 Maces & Flails
 - Level 2.0 Throwing
 + Level 0.4 Armour
 - Level 3.0 Dodging
 - Level 3.0 Shields


You had 2 spell levels left.
You didn't know any spells.
Your spell library was empty.

Dungeon Overview and Level Annotations

Branches:
Dungeon (3/15)

Altars:

Annotations:
D:3 Grinder


Innate Abilities, Weirdness & Mutations

You are too large for most types of armour.
You have tough skin. (AC +1)


Message History

You completely miss Grinder.
Grinder is lightly wounded.
Grinder says, "I used to sell toenails on the black market."
Grinder gestures at you. Pain shoots through your body!
You feel very mighty all of a sudden. Grinder hits you!
You writhe in agony.
You whack Grinder!
Grinder is moderately wounded.
Grinder says, "DUCK!"
Grinder hits you but does no damage.
You whack Grinder!
Grinder is heavily wounded.
Grinder gestures at you.
You barely resist. You barely miss Grinder.
Grinder is heavily wounded.
Grinder blinks!
Throw: 5 darts (poison)
Press: ? - help, Q - select action, (/) - cycle Shift-Dir - straight line, f/p - Grinder
Aim: Grinder (heavily wounded, 53% to hit)
You throw a poisoned dart.
The poisoned dart closely misses Grinder.
Throw: 4 darts (poison)
Press: ? - help, Q - select action, (/) - cycle Shift-Dir - straight line, f/p - Grinder
Aim: Grinder (heavily wounded, 53% to hit)
You throw a poisoned dart.
The poisoned dart barely misses Grinder.
Grinder drinks a potion.
Grinder seems to speed up.
Throw: 3 darts (poison)
Press: ? - help, Q - select action, (/) - cycle Shift-Dir - straight line, f/p - Grinder
Aim: Grinder (heavily wounded, fast, 53% to hit)
You throw a poisoned dart.
The poisoned dart barely misses Grinder.
Grinder hits you!
* * * LOW HITPOINT WARNING * * *
You barely miss Grinder.
Grinder is heavily wounded.
Grinder hits you!
You die...

#...#.........#..#) ...
#...######......... .(.
#.......†.......... ..(.
#..................
...(.#..................
....(###########........
.....(..................
.....(5.................
######@#.#############.
#.#.###### #. #.#......#
#. #.######.# #. #.# #.
#.# #.# #.#


You could see Grinder (fast).

Vanquished Creatures
  An ufetubus (D:3)
  A dart slug (D:2)
  An orc (D:3)
  2 ball pythons
  2 bats (D:1)
  4 endoplasms
  A giant cockroach (D:2)
  4 goblins
  4 hobgoblins
  A quokka (D:2)
  4 frilled lizards
  2 kobolds (D:2)
  4 rats
31 creatures vanquished.

Notes
Turn   | Place    | Note
-------+----------+-------------------------------------------
     0 | D:1      | Murumi the Ogre Fighter began the quest for the Orb.
     0 | D:1      | Reached XP level 1. HP: 24/24 MP: 1/1
   356 | D:1      | Reached XP level 2. HP: 29/32 MP: 2/2
   573 | D:1      | Found a faded altar of an unknown god.
  1544 | D:2      | Reached skill level 1 in Throwing
  1759 | D:2      | Reached XP level 3. HP: 20/39 MP: 3/3
  2813 | D:3      | Noticed Grinder
  2828 | D:3      | Slain by Grinder

Illustrated notes

Levels and vault maps discovered:
D:1:      nicolae_arrival_somewhat_less_tricky_arrival, layout_loops_corners,
          shapermc_ecumenical_altar_ellora
D:2:      layout_basic
D:3:      layout_basic, ebering_ghost_reflecting_pool, uniq_grinder

Skill      XL: |  1  2  3 |
---------------+----------+-----
Maces & Flails | 2 |  2.0
Dodging        | 3 |  3.0
Shields        | 3 |  3.0
Throwing       | 1 2 |  2.0
Fighting       | |  4.0
Armour         | |  0.4

Action                   || total
-------------------------++-------
Melee: Flail             ||    42
       Whip              ||    88
Throw: Dart              ||     8
       Stone             ||     5
  Use: Scroll            ||     6
       Potion            ||     1
Armor: Robe              ||    32
Dodge: Dodged            ||    35
Block: Kite shield       ||    36

Table legend: (Time is in decaauts)
 A = Elapsed time spent in this place.
 B = Non-inter-level travel time spent in this place.
 C = Inter-level travel time spent in this place.
 D = Time resting spent in this place.
 E = Time spent auto-exploring this place.
 F = Levels seen in this place.
 G = Mean time per level.
                   A        B        C        D        E       F      G
               +--------+--------+--------+--------+--------+-----+--------+
         Total |   2861 |   2640 |    221 |     32 |   2236 |   3 |  953.7 |
       Dungeon |   2861 |   2640 |    221 |     32 |   2236 |   3 |  953.7 |
               +--------+--------+--------+--------+--------+-----+--------+

Top non-repeatable levels by time:
     D:1: 1540 daAuts
     D:2: 944 daAuts
     D:3: 376 daAuts
